 Dungeon Crawl Stone Soup version 0.25.1-8-g42b30a86e7 (webtiles) character file.

Game seed: 8098701700549144221

13118 hawla the Destroyer (level 11, -11/82 HPs)
             Began as a White Draconian Conjurer on Dec 7, 2020.
             Was a Priest of Vehumet.
             Killed by divine providence
             ... invoked by an orc priest
              (17 damage)
             ... on level 11 of the Dungeon.
             The game lasted 00:52:54 (17157 turns).

hawla the Destroyer (White Draconian Conjurer)     Turns: 17157, Time: 00:52:54

Health: -11/82     AC: 10    Str: 11    XL:     11   Next: 71%
Magic:  8/25       EV: 15    Int: 18    God:    Vehumet [***...]
Gold:   549        SH:  0    Dex: 12    Spells: 22/30 levels left

rFire    . . .     SeeInvis .   n - +4 quarterstaff (chaos)
rCold    + + .     Gourm    .   (shield currently unavailable)
rNeg     . . .     Faith    .   (armour unavailable)
rPois    +         Spirit   .   (helmet restricted)
rElec    .         Reflect  .   f - scarf {+Inv}
rCorr    .         Harm     .   j - +2 pair of gloves
MR       +....                  (no boots)
Stlth    +++.......             m - amulet of regeneration
HPRegen  0.63/turn              g - ring of poison resistance
MPRegen  0.19/turn              v - ring of wizardry

@: berserk cooldown, slowed, very slow
A: breathe frost, unfitting armour, cold resistance 2, magic resistance 1,
cold-blooded, AC +7
a: Breathe Frost, Renounce Religion, Evoke Invisibility


You were on level 11 of the Dungeon.
You worshipped Vehumet.
Vehumet was most pleased with you.
You were very hungry.

You visited 2 branches of the dungeon, and saw 12 of its levels.
You also visited: Sewer.

You collected 549 gold pieces.

Inventory:

Hand Weapons
 n - a +4 quarterstaff of chaos (weapon)
 z - a +1 scimitar of flaming
Missiles
 c - 6 boomerangs (quivered)
 q - 8 poisoned darts
Armour
 f - a scarf of invisibility (worn)
 j - a +2 pair of gloves (worn)
Jewellery
 a - an uncursed ring of resist corrosion
 d - an uncursed amulet of guardian spirit
 e - a +6 ring of dexterity
 g - a ring of poison resistance (left hand)
 m - an amulet of regeneration (around neck)
 v - a ring of wizardry (right hand)
Wands
 k - a wand of acid (2)
 p - a wand of flame (7)
 x - a wand of polymorph (8)
Scrolls
 l - 2 scrolls of fog
 o - 2 scrolls of enchant weapon
 r - 3 scrolls of remove curse
 t - 4 scrolls of enchant armour
Potions
 h - a potion of might
 i - a potion of stabbing
 s - 2 potions of curing
 u - a potion of flight
Comestibles
 b - 25 rations


   Skills:
 + Level 3.5 Fighting
 + Level 2.6 Staves
 + Level 1.7 Throwing
 + Level 6.0 Dodging
 + Level 4.3 Stealth
 + Level 10.4 Spellcasting
 + Level 10.4 Conjurations
 + Level 6.9 Translocations
 + Level 2.3 Ice Magic
 + Level 2.7 Evocations


You had 22 spell levels left.
You knew the following spells:

 Your Spells              Type           Power        Failure   Level  Hunger
a - Magic Dart            Conj           ####         1%          1    None
b - Searing Ray           Conj           #####.       1%          2    None
c - Iskenderun's Mystic   Conj/Tloc      #####...     1%          4    ###....
d - Freeze                Ice            ###.         1%          1    None

Your spell library contained the following spells:

 Spells                   Type           Power        Failure   Level  Hunger
 Stone Arrow              Conj/Erth      ####..       1%          3    None
 Dazzling Flash           Conj/Hex       ####..       1%          3    None
 Fulminant Prism          Conj/Hex       ####......   1%          4    ###....
 Irradiate                Conj/Tmut      ####......   3%          5    #####..
 Hydra Form               Tmut           #.........   98%         6    ######.
 Statue Form              Tmut/Erth      #........    98%         6    ######.
 Dragon Form              Tmut           #.........   100%        7    #######


Dungeon Overview and Level Annotations

Branches:
Dungeon (11/15)            Temple (1/1) D:7            Lair (0/6) D:9
  Sewer (visited)
    Orc: D:9-12

Altars:
Ashenzari
Cheibriados
Dithmenos
Elyvilon
Fedhas
Gozag
Hepliaklqana
Kikubaaqudgha
Makhleb
Nemelex Xobeh
Okawaru
Qazlal
Ru
Sif Muna
Trog
Uskayaw
Vehumet
Wu Jian
Xom
Yredelemnul
Zin
The Shining One

Shops:
D:9 *

Annotations:
D:8 exclusion: ice statue
D:10 2 transporters, hehateme's ghost, novice NaWn
D:11 1 runed translucent door, belegose's ghost, journeyman BaAs


Innate Abilities, Weirdness & Mutations

You can breathe waves of freezing cold.
You can buffet flying creatures when you breathe cold.
Your icy white scales are hard. (AC +7)
You cannot fit into any form of body armour.
Your flesh is very cold resistant. (rC++)
You are cold-blooded and may be slowed by cold attacks.
You are resistant to hostile enchantments. (MR+)


Message History

The orc priest invokes the aid of Beogh against you.
Beogh smites you!
* * * LOW HITPOINT WARNING * * *
The orc throws a boomerang of dispersal.
The boomerang of dispersal hits you.
* * * LOW HITPOINT WARNING * * *
You blink.
You feel a strong urge to attack something.
The phantom blinks!
You feel your anger nearly subside.
You are no longer berserk.
You are exhausted.
You feel yourself slow down.
The phantom blinks!
You hear the loud crackling of a very distant melting archway.
The orc priest mumbles some strange prayers to Beogh against you.
Beogh smites you!
* * * LOW HITPOINT WARNING * * *
The orc priest invokes the aid of Beogh against you.
Beogh smites you!
You die...

..... .# ...####.....
...........# .
#...........## .. ..
##......... ... ##.
##......... ....
###.###.......# .....
#.#.##.......)##).....
#....@....oY...†).....
##........o...(††)...o
#.######......##.....
### ###....# .Y..
#...... ... ##......
#. ........ (........


You could see an ice beast, an orc priest and an orc.

Vanquished Creatures
  Erolcha (D:10)
  Erica (D:10)
  An unseen horror (D:10)
  An ugly thing (D:9)
  A kobold demonologist (D:10)
  A komodo dragon (D:9)
  5 ice devils (D:8)
  A hornet (D:10)
  2 trolls
  A hippogriff (D:9)
  A centaur simulacrum (D:11)
  A vampire (D:10)
  13 yaks
  A wraith (D:10)
  A hungry ghost (D:4)
  A warg (D:10)
  A soldier ant (D:6)
  2 water moccasins
  An eye of draining (D:10)
  2 ice beasts (D:9)
  5 sky beasts
  Purgy (Sewer)
  6 ogres
  3 black bears
  2 necrophages
  2 orc warriors
  3 phantoms
  2 centaurs
  A crocodile (D:7)
  3 big kobolds
  4 bullfrogs
  A water moccasin skeleton (D:6)
  3 scorpions
  4 killer bees (D:10)
  2 howler monkeys (D:5)
  4 crimson imps
  A bullfrog zombie (D:7)
  A quasit (D:10)
  2 centaur skeletons
  2 hounds
  3 bullfrog skeletons
  3 jellies
  Crazy Yiuf (D:6)
  12 orc priests
  Jessica (D:2)
  10 orc wizards
  6 iguanas
  5 worker ants
  A hound skeleton (D:11)
  A worker ant zombie (D:5)
  4 gnolls (D:5)
  A howler monkey zombie (D:5)
  12 adders
  A river rat (D:4)
  5 shadow imps
  7 ufetubi (D:8)
  An ooze (D:8)
  6 worms
  2 adder skeletons
  An adder zombie (D:8)
  2 dart slugs
  4 leopard geckos
  46 orcs
  5 ball pythons
  5 giant cockroaches
  5 goblins
  4 hobgoblins
  3 jackals (D:4)
  4 quokkas
  11 bats
  5 frilled lizards
  A jackal skeleton (D:8)
  15 kobolds
  A leopard gecko skeleton (D:4)
  7 rats
292 creatures vanquished.

Vanquished Creatures (others)
  A plant (D:9)
1 creature vanquished.

Grand Total: 293 creatures vanquished

Notes
Turn   | Place    | Note
-------+----------+-------------------------------------------
     0 | D:1      | hawla the Draconian Conjurer began the quest for the Orb.
     0 | D:1      | Reached XP level 1. HP: 14/14 MP: 3/3
   564 | D:1      | Reached XP level 2. HP: 19/20 MP: 0/5
   625 | D:1      | Learned a level 2 spell: Searing Ray
  1642 | D:2      | Reached XP level 3. HP: 26/26 MP: 2/7
  2051 | D:2      | Found a snail-covered altar of Cheibriados.
  2051 | D:2      | Noticed Jessica
  2272 | D:2      | Gained mutation: You are dopey. (Int -2) [potion of
                  | mutation]
  2272 | D:2      | Lost mutation: You are dopey. (Int -2) [potion of mutation]
  2272 | D:2      | Gained mutation: You are frail. (-10% HP) [potion of
                  | mutation]
  2272 | D:2      | Gained mutation: You are agile. (Dex +2) [potion of
                  | mutation]
  2274 | D:2      | Killed Jessica
  2274 | D:2      | Reached XP level 4. HP: 26/29 MP: 5/9
  2449 | D:2      | Learned a level 4 spell: Iskenderun's Mystic Blast
  2734 | D:3      | Reached skill level 1 in Translocations
  3207 | D:3      | Reached XP level 5. HP: 26/34 MP: 7/10
  3641 | D:4      | Noticed a hungry ghost
  3661 | D:4      | Killed a hungry ghost
  3661 | D:4      | Reached XP level 6. HP: 35/40 MP: 1/12
  3715 | D:4      | Found a bloodstained altar of Trog.
  3965 | D:4      | Found a glowing drain.
  3985 | Sewer    | Entered a sewer
  4108 | Sewer    | Noticed Purgy
  4125 | Sewer    | Killed Purgy
  4279 | D:4      | Reached skill level 5 in Conjurations
  4743 | D:4      | Your scales start taking on an icy white colour.
  4743 | D:4      | Reached XP level 7. HP: 42/45 MP: 4/14
  4743 | D:4      | Gained mutation: Your flesh is cold resistant. (rC+) [White
                  | Draconian growth]
  5102 | D:4      | Reached skill level 5 in Spellcasting
  5295 | D:5      | Entered Level 5 of the Dungeon
  5663 | D:5      | Reached skill level 5 in Translocations
  7065 | D:6      | Reached XP level 8. HP: 45/51 MP: 3/16
  7421 | D:6      | Found a basalt altar of Yredelemnul.
  7900 | D:6      | Noticed a troll
  7906 | D:6      | Killed a troll
  8318 | D:6      | Found a runed translucent door.
  8319 | D:6      | Noticed Crazy Yiuf
  8719 | D:6      | Killed Crazy Yiuf
  8844 | D:7      | Reached XP level 9. HP: 49/56 MP: 11/19
  9014 | D:7      | Found a staircase to the Ecumenical Temple.
  9049 | Temple   | Entered the Ecumenical Temple
  9119 | Temple   | Became a worshipper of Vehumet
  9869 | D:7      | Found a burning altar of Makhleb.
  9869 | D:7      | Found a hazy altar of Hepliaklqana.
 10354 | D:8      | Noticed an ice devil
 10354 | D:8      | Noticed an ice devil
 10355 | D:8      | Noticed an ice devil
 10355 | D:8      | Noticed an ice devil
 10492 | D:8      | Found a sparkling altar of Nemelex Xobeh.
 10526 | D:8      | Reached skill level 1 in Fighting
 10652 | D:8      | Noticed an ice devil
 10764 | D:8      | Noticed an ice statue
 11058 | D:8      | Killed an ice devil
 11058 | D:8      | Reached skill level 1 in Evocations
 11071 | D:8      | Killed an ice devil
 11268 | D:8      | Lost mutation: You are agile. (Dex +2) [potion of mutation]
 11268 | D:8      | Lost mutation: You are frail. (-10% HP) [potion of
                  | mutation]
 11268 | D:8      | Gained mutation: You are resistant to hostile enchantments.
                  | (MR+) [potion of mutation]
 11268 | D:8      | Gained mutation: Your flesh is very cold resistant. (rC++)
                  | [potion of mutation]
 11712 | D:8      | Reached XP level 10. HP: 71/71 MP: 17/22
 12974 | D:8      | Reached * piety under Vehumet
 12974 | D:8      | Offered knowledge of Freeze by Vehumet.
 12977 | D:8      | Learned a level 1 spell: Freeze
 13243 | D:9      | Found Yppil's General Store.
 13593 | D:9      | Reached skill level 1 in Staves
 13737 | D:9      | Reached skill level 1 in Ice Magic
 13865 | D:9      | Found a staircase to the Lair.
 14046 | D:9      | Noticed a purple ugly thing
 14179 | D:9      | Killed a purple ugly thing
 14179 | D:9      | Offered knowledge of Shock by Vehumet.
 14448 | D:9      | Reached ** piety under Vehumet
 14484 | D:9      | Found a shadowy altar of Dithmenos.
 14535 | D:9      | Found an ornate altar of the Wu Jian Council.
 14660 | D:10     | Entered Level 10 of the Dungeon
 14662 | D:10     | Reached skill level 1 in Throwing
 14776 | D:10     | Reached XP level 11. HP: 47/79 MP: 11/24
 14904 | D:10     | Noticed Erolcha
 14940 | D:10     | Found a transporter.
 14942 | D:10     | Noticed hehateme's ghost (novice NaWn)
 14943 | D:10     | Noticed a wolf spider
 14959 | D:10     | Found a transporter.
 15169 | D:10     | Reached skill level 5 in Dodging
 15909 | D:10     | Killed an unseen horror
 16177 | D:10     | Noticed Erica
 16185 | D:10     | Killed Erica
 16185 | D:10     | Reached skill level 10 in Spellcasting
 16185 | D:10     | Reached skill level 10 in Conjurations
 16374 | D:10     | Killed Erolcha
 16662 | D:11     | Offered knowledge of Stone Arrow by Vehumet.
 16836 | D:10     | Reached *** piety under Vehumet
 17063 | D:11     | Found a runed translucent door.
 17065 | D:11     | Noticed belegose's ghost (journeyman BaAs)
 17157 | D:11     | Killed from afar by an orc priest

Illustrated notes

Levels and vault maps discovered:
D:1:      mrwooster_arrival_statue_3, layout_basic
D:2:      layout_loops_ring, lemuel_crystal_altar, kennysheep_minor_cross,
          uniq_jessica
D:3:      layout_basic, first_ration
D:4:      layout_basic, cheibrodos_sewer_entry_sluice, trog_book
D:5:      layout_basic
D:6:      layout_basic, lemuel_doored_altar, kennysheep_generic_room_10,
          uniq_crazy_yiuf_cottage
D:7:      layout_loops_cross, gammafunk_temple_overflow_elements,
          minmay_temple_entry_statues, grunt_ogre_cave
D:8:      cheibrodos_frozen_isle, layout_loops_ring, nemelex_dance_club_becter
D:9:      layout_cave_pools, kennysheep_little_box,
          nicolae_overflow_hidden_temple, david_lair_shrubbed, serial_shops,
          shop, minmay_misc_feat_hallway
D:10:     layout_loops_cross, gammafunk_ghost_berserking_beasts, enter_bailey_2,
          uniq_erica, uniq_erolcha
D:11:     layout_layer_cave, erik_orc_4, gammafunk_ghost_grave,
          portal_ice_cave_entry_pillars_1, serial_ice, serial_ice_l,
          serial_ice_b, serial_ice_m, serial_ice_e, serial_ice_d, serial_ice_a,
          uniq_harold
Temple:   nicolae_temple_x_marks_the_god

Skill      XL: |  1  2  3  4  5  6  7  8  9 10 11 |
---------------+----------------------------------+-----
Spellcasting   | 3 4 5 7 8 9 10 | 10.4
Translocations | 2 3 4 5 6 |  6.9
Conjurations   | 5 6 7 8 9 10 | 10.4
Dodging        | 3 4 6 |  6.0
Stealth        | 2 3 4 |  4.3
Fighting       | 1 2 3 |  3.5
Evocations     | 2 |  2.7
Staves         | 1 2 |  2.6
Ice Magic      | 2 |  2.3
Throwing       | 1 |  1.7

Action                   |  1- 3 |  4- 6 |  7- 9 | 10-12 || total
-------------------------+-------+-------+-------+-------++-------
Melee: Unarmed           |    25 |    48 |    43 |       ||   116
       Tailslap          |     2 |     5 |     2 |    10 ||    19
       Quarterstaff      |       |       |     3 |    50 ||    53
Throw: Boomerang         |     4 |     3 |       |    21 ||    28
 Cast: Magic Dart        |    48 |    44 |    79 |   117 ||   288
       Searing Ray       |    12 |    35 |   104 |   102 ||   253
       Iskenderun's Myst |       |     1 |    24 |    55 ||    80
       Freeze            |       |       |       |    19 ||    19
Evoke: Wand              |       |       |    22 |       ||    22
  Use: Scroll            |     4 |     5 |     8 |     6 ||    23
       Potion            |     2 |     6 |     5 |     3 ||    16
  Eat: Chunk             |     5 |    11 |    15 |    13 ||    44
       Ration            |       |       |     3 |     2 ||     5
Armor: Skin              |     9 |    56 |    65 |    81 ||   211
Dodge: Dodged            |    31 |    67 |   102 |   193 ||   393
